 Dungeon Crawl Stone Soup version 0.21-a0-584-g185da8e (webtiles) character file.

162535 SpeedyPerson7 the Severer (level 16, -1/162 HPs)
             Began as a Minotaur Berserker on Dec 21, 2017.
             Was a High Priest of Trog.
             Shot with an arrow by a naga sharpshooter (11 damage)
             ... led by Vashnia
             ... on level 3 of the Snake Pit.
             The game lasted 00:22:51 (22423 turns).

SpeedyPerson7 the Severer (Minotaur Berserker)     Turns: 22423, Time: 00:22:51

Health: -1/162     AC: 20    Str: 29    XL:     16   Next: 96%
Magic:  15/15      EV: 19    Int:  4    God:    Trog [*****.]
Gold:   1367       SH:  0    Dex: 10    Spells: 15/15 levels left

rFire    . . .     SeeInvis .   j - +9 battleaxe (elec)
rCold    . . .     Gourm    .   (shield currently unavailable)
rNeg     . . .     Faith    .   K - +0 swamp dragon scales {rPois}
rPois    +         Spirit   .   F - +2 hat
rElec    .         Reflect  .   D - +2 cloak
rCorr    .         Harm     .   q - +1 pair of gloves
MR       ++...                  (no boots)
Stlth    ..........             (no amulet)
HPRegen  0.37/turn              E - +3 ring of evasion
MPRegen  0.14/turn              M - ring of protection from magic

@: lethally poisoned (-1 -> -1), about to teleport, berserk cooldown, slowed,
very slow
A: retaliatory headbutt, horns 2
}: 1/15 runes: decaying
a: Berserk, Trog's Hand, Brothers in Arms, Burn Spellbooks, Renounce Religion


You were on level 3 of the Snake Pit.
You worshipped Trog.
Trog was extremely pleased with you.
You were not hungry.

You visited 4 branches of the dungeon, and saw 27 of its levels.

You collected 1547 gold pieces.
You spent 180 gold pieces at shops.

Inventory:

Hand Weapons
 j - a +9 battleaxe of electrocution (weapon)
 u - a +3 antimagic battleaxe
 L - a +3 battleaxe of chopping
Armour
 q - a +1 pair of gloves (worn)
 x - a +0 plate armour
 D - a +2 cloak (worn)
 F - a +2 hat (worn)
 K - +0 swamp dragon scales (worn) {rPois}
 N - a +4 scale mail of fire resistance
Jewellery
 v - an uncursed ring of resist corrosion
 C - an uncursed ring of protection from cold
 E - a +3 ring of evasion (left hand)
 M - a ring of protection from magic (right hand)
 Q - a cursed -2 ring of strength {unknown}
Wands
 m - a wand of random effects (44)
 w - a wand of digging (11)
 z - a wand of iceblast (34)
 A - a wand of polymorph (26)
 I - a wand of clouds (8)
 J - a wand of enslavement (29)
 P - a wand of acid (9)
 S - a wand of flame (15)
 T - a wand of paralysis (9)
Scrolls
 a - 4 scrolls of immolation
 b - 8 scrolls of amnesia
 f - 4 scrolls of enchant armour
 g - 8 scrolls of magic mapping
 i - 2 scrolls of identify
 k - 5 scrolls of fog
 o - 5 scrolls of fear
 r - 8 scrolls of remove curse
 t - 11 scrolls of teleportation
 y - a scroll of silence {unknown}
 B - 2 scrolls of noise {!r}
 O - 2 scrolls of holy word
 U - a scroll of blinking {unknown}
Potions
 c - 9 potions of curing
 d - 2 potions of ambrosia
 h - 8 potions of heal wounds
 l - 2 potions of cancellation
 n - 4 potions of flight
 p - 4 potions of degeneration {!q}
 s - 3 potions of might
 G - a potion of lignification {!q}
 H - a potion of mutation {!q}
 R - a potion of brilliance {unknown}
Comestibles
 e - 14 rations


   Skills:
 * Level 20.0 Fighting
 - Level 20.0 Axes
 * Level 17.0 Armour
 + Level 11.0 Dodging


You had 15 spell levels left.
You didn't know any spells.

Dungeon Overview and Level Annotations

Branches:
Dungeon (15/15)            Temple (0/1) D:5            Lair (5/6) D:9
  Swamp (4/4) Lair:3        Snake (3/4) Lair:3        Slime (0/5) Lair:5
    Orc (0/2) D:9          Vaults (0/5) D:13         Depths (0/5) D:15

Altars:
Elyvilon
Fedhas
Gozag
Okawaru
Ru
Trog
Vehumet
Xom
Zin
The Shining One
Beogh

Shops:
D:7 *   D:8 (   D:12 }

Annotations:
Lair:4 exclusion: oklob plant
Swamp:3 1 runed door, exclusion: Roxanne, Roxanne


Innate Abilities, Weirdness & Mutations

You reflexively headbutt those who attack you in melee.
You have a pair of horns on your head.


Message History

The naga sharpshooter shoots an arrow.
The arrow completely misses you.
The naga sharpshooter shoots an arrow.
The arrow hits you!!
* * * LOW HITPOINT WARNING * * *
Okay, then.
Unknown command.
You feel much better.
You feel sick. The naga mage spits poison at you.
The splash of poison misses you.
The naga sharpshooter casts a spell.
The naga sharpshooter magically shoots an arrow.
The arrow hits you!
* * * LOW HITPOINT WARNING * * *
The naga sharpshooter shoots an arrow.
The arrow misses you. The naga mage casts a spell at you.
The orb of energy hits you!
* * * LOW HITPOINT WARNING * * *
The naga sharpshooter gestures wildly while chanting.
The naga sharpshooter magically shoots an arrow.
The arrow hits you!
You die...

.. .. ....?..
..... .. .......
#..>. ## .......
#...#
.......##..(#
....(.......# .#
.N..........# ..#
............# ..#
....N(.@(†((##..#
......)##(......#
..."... #(N.....#
...N... #.....(.#
.....####...(####
....# ##.....####
.... #..........#
... #..........#
#..........##


You could see 3 naga sharpshooters and a naga mage.

Vanquished Creatures
  Vashnia (Snake:3)
  Rupert (D:13)
  Agnes (D:15)
  A thorn hunter (Swamp:2)
  The ghost of anything the Swashbuckler, an adept HaCK of Xom (Swamp:2)
  A nagaraja (Snake:3)
  Aizul (Snake:1)
  A dire elephant (D:15)
  The ghost of SpeedyPerson7 the Severer, a journeyman MiBe of Trog (Lair:4)
  The ghost of SpeedyPerson7 the Severer, a journeyman MiBe of Trog (Lair:2)
  5 naga warriors
  23 hydras
  5 centaur warriors
  A catoblepas (D:15)
  7 anacondas
  11 two-headed ogres
  An alligator (Swamp:1)
  Erica (D:8)
  An ogre mage (D:15)
  A death yak (D:8)
  7 naga sharpshooters
  4 shock serpents
  6 spriggans
  4 naga ritualists
  5 swamp dragons
  A lindwurm (Lair:5)
  3 shambling mangroves
  3 mana vipers
  An orc knight (D:13)
  19 ugly things
  2 cyclopes
  3 deep elf magi
  3 manticores
  2 salamanders (Snake:1)
  A wolf spider (D:15)
  5 elephants (Lair:5)
  Maurice (D:10)
  4 naga magi
  20 black mambas
  A guardian serpent (Snake:2)
  8 spiny frogs
  A centaur skeleton (D:11)
  A kobold demonologist (D:15)
  A rime drake (Lair:3)
  4 komodo dragons
  4 polar bears
  4 trolls
  7 hornets
  Grinder (D:5)
  25 slime creatures
  6 tyrant leeches
  2 bog bodies
  7 blink frogs
  2 blink frogs (shapeshifter)
  3 hippogriffs
  2 shadows (D:14)
  A wraith (D:15)
  3 wyverns
  24 yaks
  A basilisk (D:15)
  The ghost of barakagiga the Digger, an amateur DDEE (D:4)
  16 humans (D:13)
  5 hungry ghosts
  4 wargs (D:9)
  9 swamp worms
  8 vampire mosquitoes (Swamp:4)
  22 nagas
  19 insubstantial wisps
  An acid dragon (D:14)
  6 water moccasins
  7 porcupines
  11 orc warriors
  5 sky beasts
  A hornet zombie (D:15)
  3 ice beasts (D:8)
  A black bear (D:7)
  10 swamp drakes
  A necrophage (D:13)
  A phantom (D:12)
  An eye of draining (D:15)
  10 wolves
  14 ogres
  13 centaurs
  10 crocodiles
  A big kobold (D:12)
  19 bullfrogs
  A gnoll sergeant (D:12)
  A wyvern zombie (D:13)
  5 scorpions
  A water moccasin skeleton (D:9)
  8 killer bees
  3 wights (D:12)
  A howler monkey (D:10)
  An electric eel (Lair:1)
  A bullfrog zombie (D:12)
  4 crimson imps
  10 hounds
  14 orc priests
  2 bullfrog skeletons
  5 jellies
  10 orc wizards
  An iguana (D:10)
  10 worker ants
  A killer bee simulacrum (D:8)
  A worker ant zombie (D:8)
  7 gnolls
  7 adders
  3 shadow imps
  2 white imps (D:8)
  4 oozes
  An adder zombie (D:7)
  4 worms
  A dart slug (D:3)
  7 leopard geckos
  60 orcs
  4 giant cockroaches
  3 goblins
  9 hobgoblins
  3 jackals (D:6)
  11 kobolds
  6 quokkas
  A ball python (D:7)
  7 bats
  5 frilled lizards
  A jackal skeleton (D:7)
  A quokka zombie (D:5)
  12 rats
  2 briar patches (Swamp:2)
  6 fungi
  3 plants
717 creatures vanquished.

Vanquished Creatures (collateral kills)
  Asterion (Snake:3)
  A shock serpent (Snake:3)
  2 swamp dragons (Swamp:4)
  2 mana vipers (Snake:3)
  A black mamba (Snake:3)
  A naga (Snake:3)
  A swamp drake (Swamp:4)
9 creatures vanquished.

Vanquished Creatures (others)
  A wizard (D:8)
  An ogre (D:5)
  A leopard gecko (D:5)
  2 giant cockroaches (D:5)
  4 briar patches (Swamp:2)
9 creatures vanquished.

Grand Total: 735 creatures vanquished

Notes
Turn   | Place    | Note
-------+----------+-------------------------------------------
     0 | D:1      | SpeedyPerson7 the Minotaur Berserker began the quest for the Orb.
     0 | D:1      | Reached XP level 1. HP: 19/19 MP: 0/0
   143 | D:1      | Reached XP level 2. HP: 19/27 MP: 1/1
   246 | D:1      | Reached ** piety under Trog
   247 | D:1      | Reached XP level 3. HP: 23/33 MP: 2/2
   515 | D:2      | Reached skill level 5 in Axes
   595 | D:2      | Reached XP level 4. HP: 41/41 MP: 3/3
  1035 | D:3      | Reached *** piety under Trog
  1035 | D:3      | Reached XP level 5. HP: 38/47 MP: 4/4
  1064 | D:3      | Reached skill level 5 in Fighting
  1308 | D:4      | Noticed barakagiga's ghost (amateur DDEE)
  1315 | D:4      | Killed barakagiga's ghost
  1315 | D:4      | Reached XP level 6. HP: 56/56 MP: 5/5
  1635 | D:4      | Found a white marble altar of Elyvilon.
  1900 | D:5      | Entered Level 5 of the Dungeon
  1900 | D:5      | Found a staircase to the Ecumenical Temple.
  2025 | D:5      | Found an opulent altar of Gozag.
  2045 | D:5      | Found a radiant altar of Vehumet.
  2051 | D:5      | Noticed Grinder
  2061 | D:5      | Killed Grinder
  2061 | D:5      | Reached XP level 7. HP: 64/64 MP: 6/6
  2361 | D:5      | Found a blossoming altar of Fedhas.
  2467 | D:6      | Reached XP level 8. HP: 60/73 MP: 7/7
  2558 | D:6      | Reached skill level 10 in Axes
  2859 | D:6      | Received a gift from Trog
  3195 | D:7      | Found Xoluofuo's Assorted Antiques.
  3202 | D:7      | Bought a potion of curing for 90 gold pieces
  3202 | D:7      | Bought a potion of curing for 90 gold pieces
  3222 | D:7      | Reached **** piety under Trog
  3582 | D:7      | Found an iron altar of Okawaru.
  3585 | D:7      | Reached XP level 9. HP: 78/82 MP: 8/8
  3632 | D:8      | Found Zaullotz's Weapon Emporium.
  3704 | D:8      | Noticed a polar bear
  3706 | D:8      | Noticed a two-headed ogre
  3716 | D:8      | Killed a polar bear
  3720 | D:8      | Killed a two-headed ogre
  3720 | D:8      | Reached skill level 10 in Fighting
  3864 | D:8      | Noticed a troll
  3875 | D:8      | Killed a troll
  3887 | D:8      | Noticed a deep elf mage
  3939 | D:8      | Killed a deep elf mage
  3939 | D:8      | Reached XP level 10. HP: 51/94 MP: 9/9
  3975 | D:8      | Noticed a death yak
  3985 | D:8      | Killed a death yak
  4321 | D:8      | Noticed Erica
  4335 | D:8      | Killed Erica
  4623 | D:8      | Found a bloodstained altar of Trog.
  4624 | D:8      | Noticed a wizard
  4629 | D:8      | Killed a wizard
  4682 | D:9      | Found a glowing silver altar of Zin.
  4682 | D:9      | Found a bloodstained altar of Trog.
  4715 | D:9      | Reached skill level 15 in Axes
  4922 | D:8      | Found a glowing golden altar of the Shining One.
  4943 | D:8      | Reached ***** piety under Trog
  5194 | D:8      | Found a sacrificial altar of Ru.
  5408 | D:9      | Found a staircase to the Lair.
  5415 | D:9      | Reached XP level 11. HP: 104/104 MP: 10/10
  5625 | D:9      | Received a gift from Trog
  5868 | D:9      | Found a staircase to the Orcish Mines.
  6044 | Lair:1   | Entered Level 1 of the Lair of Beasts
  7180 | Lair:2   | Noticed SpeedyPerson7's ghost (journeyman MiBe)
  7192 | Lair:2   | Killed SpeedyPerson7's ghost
  7924 | Lair:3   | Reached skill level 5 in Armour
  8104 | Lair:3   | Noticed a five-headed hydra
  8110 | Lair:3   | Killed an eight-headed hydra
  8110 | Lair:3   | Reached XP level 12. HP: 115/115 MP: 11/11
  8380 | Lair:3   | Found a staircase to the Snake Pit.
  8427 | Lair:3   | Found a staircase to the Swamp.
  8468 | Lair:4   | Noticed SpeedyPerson7's ghost (journeyman MiBe)
  8479 | Lair:4   | Killed SpeedyPerson7's ghost
  8835 | Lair:4   | Received a gift from Trog
  8934 | Lair:4   | Noticed a five-headed hydra
  8943 | Lair:4   | Killed an eight-headed hydra
  9272 | Lair:4   | Reached XP level 13. HP: 123/123 MP: 12/12
 10139 | Lair:5   | Found a staircase to the Slime Pits.
 10506 | D:10     | Entered Level 10 of the Dungeon
 10761 | D:10     | Noticed Maurice
 10765 | D:10     | Received a gift from Trog
 10768 | D:10     | Killed Maurice
 11392 | D:12     | Reached XP level 14. HP: 133/133 MP: 13/13
 11428 | D:12     | Reached skill level 15 in Fighting
 11563 | D:12     | Found a shimmering altar of Xom.
 11699 | D:12     | Found Ybull's Gadget Shoppe.
 11807 | D:13     | Found a gate to the Vaults.
 11807 | D:13     | Found the +9 heavy crossbow "Sniper" {velocity, Acc+∞ SInv}
 11807 | D:13     | Noticed Rupert
 11811 | D:13     | Reached skill level 10 in Armour
 11814 | D:13     | Reached skill level 5 in Dodging
 11824 | D:13     | Killed Rupert
 12435 | D:14     | Found a roughly hewn altar of Beogh.
 12449 | D:14     | Reached ****** piety under Trog
 12852 | D:15     | Entered Level 15 of the Dungeon
 12872 | D:15     | Found a staircase to the Depths.
 13122 | D:15     | Noticed Agnes
 13138 | D:15     | Killed Agnes
 13676 | D:15     | Reached XP level 15. HP: 93/146 MP: 14/14
 14090 | D:15     | Received a gift from Trog
 14106 | D:15     | Got a twisted battleaxe {god gift}
 14107 | D:15     | Identified the +1 battleaxe of Iconoclasm {drain, Dex+4} (Trog gifted it to you on level 15 of the Dungeon)
 14296 | D:15     | Identified a scroll of acquirement
 14849 | Swamp:1  | Entered Level 1 of the Swamp
 15506 | Swamp:1  | Found a glowing golden altar of the Shining One.
 15823 | Swamp:2  | Noticed a thorn hunter
 15907 | Swamp:2  | Noticed anything's ghost (adept HaCK)
 15929 | Swamp:2  | Killed anything's ghost
 16709 | Swamp:2  | Killed a thorn hunter
 16886 | Swamp:3  | Noticed Roxanne
 17412 | Swamp:4  | Entered Level 4 of the Swamp
 17436 | Swamp:4  | Received a gift from Trog
 18108 | Swamp:3  | Found a runed door.
 18673 | Swamp:4  | Reached skill level 15 in Armour
 18778 | Swamp:4  | Reached XP level 16. HP: 159/159 MP: 15/15
 19679 | Swamp:4  | Got a decaying rune of Zot
 19869 | Snake:1  | Entered Level 1 of the Snake Pit
 20245 | Snake:1  | Reached skill level 10 in Dodging
 20466 | Snake:1  | Noticed Aizul
 20485 | Snake:1  | Killed Aizul
 20775 | Snake:2  | Received a gift from Trog
 20789 | Snake:2  | Identified the +13 war axe "Xawacy" {antimagic, rElec rN+ Int+4 Dex+2} (Trog gifted it to you on level 2 of the Snake Pit)
 22106 | Snake:3  | Noticed Asterion
 22119 | Snake:3  | Killed Asterion
 22394 | Snake:3  | Noticed Vashnia
 22421 | Snake:3  | Killed Vashnia
 22422 | Snake:3  | HP: 8/162 [naga sharpshooter/arrow (18)]
 22423 | Snake:3  | Shot with an arrow by a naga sharpshooter

Vault maps used:
D:1:      dpeg_arrival_prison, grunt_decor_mini_mirrors, minmay_octomino_c4
D:3:      first_ration, roderic_roman_lattice, uniq_terence
D:4:      elyvilon_altar_1
D:5:      nicolae_overflow_quartered_altars, minmay_temple_entry_purple_smoke,
          xom_confusion_cloud, uniq_grinder
D:6:      makhleb_grotto_becter
D:7:      kennysheep_okawaru_gauntlet, serial_shops, nicolae_shop_stone,
          the_bakery
D:8:      nicolae_ru_path_of_blood, serial_ice, serial_ice_k, serial_ice_c,
          serial_ice_g, serial_ice_e, serial_shops, shop, basic_altar,
          trog_wizard, uniq_erica
D:9:      kennysheep_orc_sif_temple, marbit_many_paths,
          amethyst_overflow_temple_binary, erik_lair_orcish_takeover,
          david_orc_1_choice
D:10:     uniq_maurice
D:11:     hangedman_decor_points
D:12:     serial_shops, shop, basic_altar
D:13:     david_vaults_3
D:14:     uniq_kirke
D:15:     hangedman_depths_entry_try_elsewhere_first, dk_noncrumbling_2,
          uniq_agnes
Lair:1:   eino_small_chamber_without_monster, serial_bayou_shore_a,
          infiniplex_staircase_pool
Lair:3:   minmay_swamp_entry_worms, minmay_snake_entry_guardpost_medium,
          beast_lair_carwin_7, lemuel_fruit_tree
Lair:5:   nicolae_slime_entry_slimehenge
Swamp:1:  nicolae_swamp_godswood, swamp_pool4
Swamp:2:  evilmike_swamp_ruin_rubble_2, swamp_pool2
Swamp:3:  gammafunk_mikee_crab_dinner, evilmike_swamp_ruin_house_3, uniq_roxanne
Swamp:4:  swamp, infiniplex_staircase_pool_2
Snake:1:  grunt_megastairs_2, uniq_aizul
Snake:2:  st_stairs_13, guppyfry_library_mini
Snake:3:  uniq_asterion, uniq_vashnia

Skill      XL: |  1  2  3  4  5  6  7  8  9 10 11 12 13 14 15 16 |
---------------+-------------------------------------------------+-----
Axes           | 4 5 6 7 8 9 11 13 15 17 19 20 | 20.0
Fighting       | 4 5 6 7 8 10 12 13 14 16 18 20 | 20.0
Armour         | 5 7 9 12 15 17 | 17.0
Dodging        | 4 7 9 11 | 11.0

Action                   |  1- 3 |  4- 6 |  7- 9 | 10-12 | 13-15 | 16-18 || total
-------------------------+-------+-------+-------+-------+-------+-------++-------
Melee: Hand axe          |    81 |   110 |   147 |       |       |       ||   338
       Headbutt          |    15 |    21 |    40 |    68 |   130 |    53 ||   327
       War axe           |       |       |    28 |   183 |       |       ||   211
       Battleaxe         |       |       |       |   177 |   751 |   282 ||  1210
Invok: Berserk           |     1 |     2 |     7 |     9 |    23 |     5 ||    47
       Burn Spellbooks   |       |     1 |       |       |     1 |       ||     2
       Brothers in Arms  |       |       |       |       |     7 |     5 ||    12
       Trog's Hand       |       |       |       |       |     2 |       ||     2
  Use: Scroll            |       |     6 |     6 |    10 |    12 |     2 ||    36
       Potion            |       |       |       |     1 |     1 |     1 ||     3
  Eat: Chunk             |       |     6 |    14 |    22 |    31 |     8 ||    81
       Ration            |       |       |       |     2 |     8 |     3 ||    13
Armor: Animal skin       |     8 |       |       |       |       |       ||     8
       Scale mail        |    30 |    32 |    28 |       |       |       ||    90
       Plate armour      |       |       |    52 |   164 |   221 |       ||   437
       Swamp dragon scal |       |       |       |       |   167 |   151 ||   318
Dodge: Dodged            |    62 |    34 |    94 |   114 |   490 |   278 ||  1072

Table legend:
 A = Spawn XP
 B = Non-spawn XP
 C = Spawn XP percentage of total XP
 D = Spawn monster count
 E = Non-spawn monster count
 F = Spawn count percentage of total count
 G = Total turns spent on level
                    A         B        C        D         E        F      G
               +---------+---------+-------+---------+---------+-------+---------
         Total |       0 |  192640 |   0.0 |       0 |     715 |   0.0 | 22423
               +---------+---------+-------+---------+---------+-------+---------
           D:1 |       0 |      45 |   0.0 |       0 |      23 |   0.0 |   360
           D:2 |       0 |      91 |   0.0 |       0 |      23 |   0.0 |   434
           D:3 |       0 |     119 |   0.0 |       0 |      21 |   0.0 |   450
           D:4 |       0 |     344 |   0.0 |       0 |       9 |   0.0 |   656
           D:5 |       0 |     395 |   0.0 |       0 |      14 |   0.0 |   713
           D:6 |       0 |    1078 |   0.0 |       0 |      17 |   0.0 |   463
           D:7 |       0 |     777 |   0.0 |       0 |      21 |   0.0 |   546
           D:8 |       0 |    5418 |   0.0 |       0 |      31 |   0.0 |  1458
           D:9 |       0 |    4600 |   0.0 |       0 |      52 |   0.0 |  1020
          D:10 |       0 |    3843 |   0.0 |       0 |      26 |   0.0 |   650
          D:11 |       0 |     431 |   0.0 |       0 |       2 |   0.0 |   101
          D:12 |       0 |    5962 |   0.0 |       0 |      43 |   0.0 |   658
          D:13 |       0 |   13550 |   0.0 |       0 |      46 |   0.0 |   574
          D:14 |       0 |    5663 |   0.0 |       0 |      41 |   0.0 |   560
          D:15 |       0 |   27398 |   0.0 |       0 |      45 |   0.0 |  1705
        Lair:1 |       0 |    1944 |   0.0 |       0 |      12 |   0.0 |   819
        Lair:2 |       0 |    4381 |   0.0 |       0 |      17 |   0.0 |   984
        Lair:3 |       0 |    5745 |   0.0 |       0 |      28 |   0.0 |   738
        Lair:4 |       0 |    4492 |   0.0 |       0 |      14 |   0.0 |  1099
        Lair:5 |       0 |    7919 |   0.0 |       0 |      32 |   0.0 |   886
       Swamp:1 |       0 |    8218 |   0.0 |       0 |      22 |   0.0 |   947
       Swamp:2 |       0 |   11879 |   0.0 |       0 |      26 |   0.0 |  1340
       Swamp:3 |       0 |    5747 |   0.0 |       0 |      14 |   0.0 |  1190
       Swamp:4 |       0 |   22883 |   0.0 |       0 |      54 |   0.0 |  1518
       Snake:1 |       0 |   19315 |   0.0 |       0 |      35 |   0.0 |   789
       Snake:2 |       0 |    6134 |   0.0 |       0 |      12 |   0.0 |   381
       Snake:3 |       0 |   24269 |   0.0 |       0 |      35 |   0.0 |  1384
               +---------+---------+-------+---------+---------+-------+---------
